 Dungeon Crawl Stone Soup version 0.24-a0-130-ga3c21ff (webtiles) character file.

Game seed: 3220430563828606914

168 nikopol the Magician (level 5, -2/28 HPs)
             Began as a Deep Elf Fire Elementalist on Feb 26, 2019.
             Slain by an orc wizard
             ... wielding a +0 dagger
              (4 damage)
             ... on level 2 of the Dungeon.
             The game lasted 00:05:30 (2545 turns).

nikopol the Magician (Deep Elf Fire Elementalist)   Turns: 2545, Time: 00:05:30

Health: -2/28      AC:  3    Str:  5    XL:     5   Next: 24%
Magic:  13/14      EV: 13    Int: 21    God:
Gold:   47         SH:  0    Dex: 15    Spells: 4/14 levels left

rFire    . . .     SeeInvis .   i - +0 dagger
rCold    . . .     Gourm    .   (no shield)
rNeg     . . .     Faith    .   a - +0 robe
rPois    .         Spirit   .   j - +0 helmet
rElec    .         Reflect  .   (no cloak)
rCorr    .         Harm     .   (no gloves)
MR       .....                  (no boots)
Stlth    ++........             (no amulet)
HPRegen  0.09/turn              (no ring)
MPRegen  0.14/turn              (no ring)

@: no status effects
A: no striking features
a: no special abilities


You were on level 2 of the Dungeon.
You were hungry.

You visited 1 branch of the dungeon, and saw 3 of its levels.

You collected 47 gold pieces.

Inventory:

Hand Weapons
 i - a +0 dagger (weapon)
Armour
 a - a +0 robe (worn)
 j - a +0 helmet (worn)
Wands
 k - a wand of flame (14)
Scrolls
 b - a scroll of remove curse {unknown}
 d - a scroll of random uselessness {unknown}
 l - a scroll of magic mapping {unknown}
 m - 2 scrolls of teleportation {unknown}
 q - a scroll of fog {unknown}
 r - a scroll of identify {unknown}
Potions
 e - a potion of agility {unknown}
 f - a potion of mutation {unknown}
 g - a potion of might {unknown}
 h - a potion of brilliance {unknown}
 n - a potion of flight {unknown}
 o - a potion of magic {unknown}
Comestibles
 c - 8 rations


   Skills:
 + Level 0.3 Fighting
 + Level 2.9 Dodging
 + Level 2.9 Stealth
 + Level 5.1 Spellcasting
 + Level 2.3 Conjurations
 + Level 4.5 Fire Magic


You had 4 spell levels left.
You knew the following spells:

 Your Spells              Type           Power        Failure   Level  Hunger
a - Flame Tongue          Conj/Fire      ###..        2%          1    None
b - Throw Flame           Conj/Fire      ###...       4%          2    None
c - Conjure Flame         Conj/Fire      ###.....     8%          3    ##.....
d - Sticky Flame          Conj/Fire      ###.....     26%         4    ####...

Your spell library contained the following spells:

 Spells                   Type           Power        Failure   Level  Hunger
 Inner Flame              Hex/Fire       ##......     13%         3    ##.....
 Fireball                 Conj/Fire      ###.......   58%         5    #####..


Dungeon Overview and Level Annotations

Branches:
Dungeon (3/15)

Altars:
Elyvilon
Xom
Zin


Message History

You hit the orc wizard but do no damage.
The orc wizard casts a spell at you. The magic dart hits you!
* * * LOW HITPOINT WARNING * * *
You bump into the rock wall.
The orc wizard closely misses you.
The orc wizard hits you with a +0 dagger.
* * * LOW HITPOINT WARNING * * *
You hit the orc wizard but do no damage.
You feel less confused.
The orc wizard hits you with a +0 dagger.
* * * LOW HITPOINT WARNING * * *
Casting: Flame Tongue (safe; 2% risk of failure)
Confirm with . or Enter, or press ? or * to list all spells.
Aiming: Flame Tongue (safe; 2% risk of failure)
Press: ? - help, Shift-Dir - straight line, f - orc wizard
Aim: an orc wizard, wielding a +0 dagger and wearing a +0 robe The flame tongue hits the orc wizard.
The orc wizard is moderately wounded.
The orc wizard hits you with a +0 dagger.
You die...

##.# #.....# ...#
#..##.# ###### #..##.#
##...## #..##.##
#.....## #..##..#
.......####......#
.......##.....########
.......##......#.....##
#.....###.......@o..>.##
#......#...............#
.......................#
.......#...............#
.......#...............#
......##...............#
......###....<........##
......####.....#.....##
..........#.##########


You could see an orc wizard.

Vanquished Creatures
  Natasha (thrice) (D:1)
  5 adders
  A worm (D:2)
  A dart slug (D:1)
  A leopard gecko (D:1)
  An orc (D:3)
  5 giant cockroaches
  3 goblins (D:1)
  6 hobgoblins
  6 kobolds
  2 quokkas
  7 bats
  A frilled lizard (D:2)
  3 rats
45 creatures vanquished.

Notes
Turn   | Place    | Note
-------+----------+-------------------------------------------
     0 | D:1      | nikopol the Deep Elf Fire Elementalist began the quest for
                  | the Orb.
     0 | D:1      | Reached XP level 1. HP: 10/10 MP: 6/6
   161 | D:1      | Reached XP level 2. HP: 15/15 MP: 4/8
   829 | D:2      | Reached XP level 3. HP: 19/19 MP: 3/10
   914 | D:2      | Found a shimmering altar of Xom.
   977 | D:2      | Noticed an angel
   986 | D:2      | Found a glowing silver altar of Zin.
  1054 | D:2      | Noticed Natasha
  1081 | D:1      | Killed Natasha
  1081 | D:1      | Reached skill level 4 in Spellcasting
  1081 | D:1      | Reached XP level 4. HP: 3/24 MP: 9/12
  1274 | D:1      | Noticed Natasha
  1279 | D:1      | Killed Natasha
  1575 | D:1      | Noticed Natasha
  1580 | D:1      | Killed Natasha
  1580 | D:1      | Reached XP level 5. HP: 17/28 MP: 11/14
  1722 | D:2      | Reached skill level 5 in Spellcasting
  1783 | D:2      | Learned a level 2 spell: Throw Flame
  1787 | D:2      | Learned a level 3 spell: Conjure Flame
  1792 | D:2      | Learned a level 4 spell: Sticky Flame
  1979 | D:3      | Found a white marble altar of Elyvilon.
  2545 | D:2      | Slain by an orc wizard

Levels and vault maps discovered:
D:1:      eino_arrival_cavern_e, layout_loops_corners
D:2:      layout_rooms, grunt_temple_overflow_order_and_chaos_1,
          solitary_fountain, uniq_natasha
D:3:      layout_loops_ring, lemuel_doored_altar,
          nicolae_overflow_hidden_temple, chequers_ecumenical_altar_simple,
          hex_medium, eino_curves_02

Skill      XL: |  1  2  3  4  5 |
---------------+----------------+-----
Fire Magic     | 4 |  4.5
Spellcasting   | 4 5 |  5.1
Conjurations   | 2 |  2.3
Fighting       | |  0.3
Dodging        | |  2.9
Stealth        | |  2.9

Action                   |  1- 3 |  4- 6 || total
-------------------------+-------+-------++-------
Melee: Dagger            |       |     2 ||     2
 Cast: Flame Tongue      |    51 |    31 ||    82
       Conjure Flame     |       |     1 ||     1
       Throw Flame       |       |     1 ||     1
  Eat: Chunk             |       |     4 ||     4
Armor: Robe              |     7 |     1 ||     8
Dodge: Dodged            |    19 |     7 ||    26

Table legend:
 A = Non-vault XP
 B = Vault XP
 C = Vault XP percentage of total XP
 D = Non-vault monster count
 E = Vault monster count
 F = Vault count percentage of total count
                 A         B        C        D         E       F
            +---------+---------+-------+---------+---------+-------
      Total |     206 |      35 |  14.5 |      44 |       1 |   2.2
            +---------+---------+-------+---------+---------+-------
        D:1 |     108 |      35 |  24.5 |      23 |       1 |   4.2
        D:2 |      74 |       0 |   0.0 |      15 |       0 |   0.0
        D:3 |      24 |       0 |   0.0 |       6 |       0 |   0.0
            +---------+---------+-------+---------+---------+-------
